Map: [ESL] Hecate

Players

Jieshi - Winner!

  • Race: Protoss Protoss
  • Spawn Location: 1:00

Nanami

  • Race: Protoss Protoss
  • Spawn Location: 7:00

Event: ESL SC2 Masters 2023 Winter (Regional)

VOD

Have the link to the VOD?

Description

Time

  • Played on: Nov. 9, 2023, 6:15 a.m.
  • Length: 11:57

All games in this series

Show
View Real Time Build Order
Export as new Build Order

Jieshi Protoss - Winner!

Build Orders:  

Get SALT Encoding   

  12  0:00  Probe  
  13  0:13  Probe  
  14  0:17  Pylon  
  14  0:25  Probe (Chrono Boost)  
  15  0:37  Gateway, Probe (Chrono Boost)  
  16  0:44  Probe (Chrono Boost)  
  16  0:46  Assimilator  
  17  0:51  Probe  
  17  0:54  Assimilator  
  18  1:03  Probe (Chrono Boost)  
  19  1:08  Gateway  
  19  1:14  Probe (Chrono Boost)  
  20  1:18  Probe (Chrono Boost)  
  20  1:24  Cybernetics Core  
  21  1:29  Probe  
  22  1:33  Pylon  
  22  1:42  Probe  
  23  1:54  Probe  
  24  1:57  Warp Gate (Chrono Boost)  
  24  2:01  Adept x2  
  28  2:11  Pylon  
  28  2:31  Adept x2  
  32  2:51  Probe  
  33  3:01  Adept x2  
  33  3:03  Probe  
  38  3:07  Nexus  
  38  3:10  Pylon  
  38  3:15  Probe  
  38  3:19  Shield Battery  
  39  3:28  Probe  
  40  3:39  Adept  
  40  3:40  Adept  
  40  3:41  Robotics Facility  
  44  3:42  Probe  
  45  3:50  Shield Battery  
  45  3:54  Probe  
  46  4:06  Probe  
  46  4:08  Pylon  
  43  4:19  Probe (Chrono Boost)  
  42  4:29  Probe (Chrono Boost)  
  42  4:30  Stalker  
  42  4:31  Probe (Chrono Boost), Stalker  
  38  4:33  Immortal (Chrono Boost)  
  42  4:39  Probe (Chrono Boost)  
  42  4:40  Probe (Chrono Boost)  
  42  4:45  Probe  
  44  4:46  Probe  
  46  4:53  Twilight Council  
  46  4:54  Sentry x2  
  46  4:58  Probe  
  46  4:59  Probe  
  52  5:06  Observer  
  53  5:12  Probe  
  53  5:14  Probe  
  51  5:20  Gateway  
  51  5:22  Stalker x2  
  51  5:25  Probe  
  51  5:26  Assimilator, Probe  
  57  5:29  Blink (Chrono Boost)  
  57  5:37  Probe  
  57  5:38  Probe  
  57  5:42  Immortal (Chrono Boost)  
  63  5:52  Observer  
  63  5:58  Gateway  
  63  6:00  Stalker  
  63  6:01  Stalker, Pylon  
  67  6:10  Warp Prism (Chrono Boost)  
  69  6:20  Stalker  
  71  6:27  Pylon  
  71  6:28  Stalker x2  
  75  6:37  Pylon  
  75  6:43  Pylon  
  75  6:44  Observer  
  75  6:48  Nexus, Stalker  
  77  6:55  Stalker  
  77  6:56  Probe  
  73  7:02  Stalker  
  73  7:08  Probe (Chrono Boost)  
  73  7:11  Probe (Chrono Boost)  
  73  7:15  Stalker  
  76  7:18  Probe (Chrono Boost)  
  76  7:22  Probe (Chrono Boost)  
  78  7:23  Probe (Chrono Boost)  
  78  7:28  Observer, Stalker  
  81  7:31  Shield Battery  
  81  7:33  Probe  
  81  7:35  Probe  
  81  7:45  Probe (Chrono Boost)  
  81  7:47  Probe (Chrono Boost)  
  83  7:56  Adept x2, Probe (Chrono Boost)  
  83  7:57  Adept x2  
  83  7:58  Probe (Chrono Boost)  
  93  8:01  Probe (Chrono Boost)  
  94  8:06  Probe  
  94  8:11  Probe  
  94  8:12  Forge  
  96  8:13  Probe  
  96  8:15  Gateway  
  96  8:18  Probe  
  98  8:25  Probe  
  99  8:28  Stalker x2  
  99  8:29  Stalker x2  
  99  8:30  Probe  
  104  8:38  Protoss Ground Weapons Level 1 (Chrono Boost)  
  101  8:43  Charge  
  101  8:46  Gateway  
  101  8:47  Gateway  
  99  8:49  Photon Cannon  
  99  8:50  Photon Cannon  
  99  8:55  Photon Cannon  
  99  8:59  Observer (Chrono Boost)  
  100  9:07  Templar Archives  
  100  9:15  Stalker x2  
  104  9:17  Pylon  
  104  9:18  Probe  
  105  9:27  Pylon  
  104  9:33  Stalker x2  
  104  9:34  Probe, Stalker  
  104  9:38  Stalker x2  
  112  9:46  High Templar x2  
  112  9:47  Probe  
  112  9:51  Probe  
  112  9:52  Archon  
  118  9:59  Probe  
  117  10:02  Zealot, Stalker x4  
  121  10:19  Stalker x2  
  119  10:28  Zealot x5  
  111  10:30  Probe x2  
Show
View Real Time Build Order
Export as new Build Order

Nanami Protoss 

Build Orders: Oracle Opening, Phoenix Opening 

Get SALT Encoding   

  12  0:00  Probe  
  13  0:12  Probe  
  14  0:17  Pylon  
  14  0:24  Probe (Chrono Boost)  
  16  0:37  Gateway, Probe (Chrono Boost)  
  16  0:42  Probe (Chrono Boost)  
  16  0:45  Assimilator  
  17  0:51  Probe  
  17  0:53  Assimilator  
  18  1:03  Probe (Chrono Boost)  
  19  1:07  Gateway  
  19  1:13  Probe (Chrono Boost)  
  19  1:18  Probe (Chrono Boost)  
  20  1:25  Cybernetics Core  
  21  1:29  Probe  
  22  1:35  Pylon  
  22  1:41  Probe  
  23  1:53  Probe  
  24  2:01  Sentry, Stalker  
  26  2:02  Warp Gate  
  29  2:11  Pylon  
  30  2:31  Pylon  
  30  2:32  Stalker  
  32  2:39  Stargate, Phoenix  
  29  2:49  Stalker  
  31  3:01  Nexus  
  31  3:06  Probe  
  31  3:12  Shield Battery  
  33  3:21  Oracle (Chrono Boost)  
  36  3:28  Shield Battery  
  36  3:31  Probe  
  36  3:44  Pylon  
  36  3:48  Oracle (Chrono Boost)  
  39  4:02  Probe  
  40  4:06  Shield Battery  
  40  4:07  Stalker x2  
  44  4:13  Probe  
  44  4:14  Probe  
  41  4:25  Probe (Chrono Boost)  
  41  4:31  Probe (Chrono Boost)  
  43  4:37  Probe (Chrono Boost)  
  44  4:41  Probe (Chrono Boost)  
  44  4:42  Probe (Chrono Boost)  
  44  4:45  Twilight Council  
  46  4:51  Probe x2  
  48  5:03  Probe  
  48  5:04  Probe  
  50  5:16  Probe x2 (Chrono Boost)  
  50  5:18  Blink (Chrono Boost)  
  52  5:27  Probe x2 (Chrono Boost)  
  52  5:28  Nexus  
  54  5:29  Pylon  
  54  5:33  Probe x2 (Chrono Boost)  
  56  5:41  Probe  
  56  5:42  Probe  
  58  5:43  Stalker  
  58  5:46  Stalker  
  62  5:53  Probe  
  62  5:54  Probe  
  62  5:55  Gateway  
  64  6:03  Assimilator  
  64  6:05  Probe, Pylon  
  64  6:06  Probe  
  64  6:08  Sentry  
  64  6:10  Gateway  
  68  6:16  Stalker  
  70  6:23  Probe x2  
  72  6:29  Gateway  
  72  6:31  Gateway  
  72  6:33  Robotics Facility  
  72  6:36  Probe x2  
  72  6:37  Stalker  
  76  6:46  Stalker  
  77  6:49  Probe  
  77  6:50  Probe  
  79  7:03  Pylon  
  79  7:05  Pylon  
  79  7:06  Shield Battery  
  79  7:11  Assimilator  
  79  7:12  Charge, Pylon  
  79  7:23  Immortal  
  79  7:25  Sentry  
  79  7:28  Pylon  
  85  7:32  Stalker x4  
  93  7:46  Phoenix  
  93  7:47  Zealot  
  95  7:51  Zealot  
  95  7:55  Pylon  
  95  7:57  Nexus  
  95  7:58  Pylon  
  97  8:06  Observer (Chrono Boost)  
  97  8:08  Zealot x2  
  102  8:18  Zealot x3  
  102  8:19  Zealot  
  106  8:32  Nexus  
  106  8:33  Zealot x2  
  106  8:42  Warp Prism (Chrono Boost)  
  108  8:51  Zealot x3  
  108  8:52  Zealot  
  108  8:54  Templar Archives  
  116  9:06  Zealot  
  116  9:09  Pylon  
  118  9:11  Pylon  
  118  9:23  Pylon  
  118  9:25  Pylon  
  118  9:35  High Templar  
  116  9:41  High Templar x2  
  116  9:42  High Templar x4  
  128  9:45  Archon  
  128  9:46  Archon  
  128  9:47  Probe x3  
  128  9:48  Gateway  
  128  9:50  Archon  
  131  9:53  Gateway  
  131  9:55  Gateway x2  
  131  9:59  Probe  
  124  10:11  Immortal  
  124  10:14  Stalker x3  
  116  10:16  Zealot  
  112  10:22  Zealot x2  
Tags
 
Add a new tag
Caveats
  • Supply blocks, unpowered buildings, or Contaminate may cause inaccurate times.
  • Supply counts are checked every 10 seconds.